 Dungeon Crawl Stone Soup version 0.21-a0-265-gb353147 (webtiles) character file.

113212 nikopol the Impaler (level 16, -7/152 HPs)
             Began as a Minotaur Berserker on Sept 10, 2017.
             Was the Champion of Trog.
             Killed from afar by Nikola (20 damage)
             ... with a chain lightning
             ... on level 1 of the Spider Nest.
             The game lasted 01:29:24 (31076 turns).

nikopol the Impaler (Minotaur Berserker)           Turns: 31076, Time: 01:29:24

Health: -7/152     AC: 27    Str: 25    XL:     16   Next: 13%
Magic:  15/15      EV: 12    Int:  4    God:    Trog [******]
Gold:   2036       SH:  0    Dex: 14    Spells: 15/15 levels left

rFire    + + .     SeeInvis +   z - +3 longbow (flame)
rCold    + . .     Gourm    .   (shield currently unavailable)
rNeg     . . .     Faith    .   L - +5 chain mail of Resilience {-Cast rPois rF++ Stlth+}
rPois    +         Spirit   .   (helmet restricted)
rElec    .         Reflect  .   w - +2 cloak
rCorr    .         Harm     .   k - +1 pair of gloves
MR       +....     NoCast   +   O - +1 pair of boots
Stlth    ..........             (no amulet)
HPRegen  0.35/turn              s - ring of see invisible
MPRegen  0.14/turn              x - ring of protection from cold

@: no status effects
A: retaliatory headbutt, horns 2
a: Berserk, Trog's Hand, Brothers in Arms, Burn Spellbooks, Renounce Religion


You were on level 1 of the Spider Nest.
You worshipped Trog.
Trog was exalted by your worship.
You were not hungry.

You visited 4 branches of the dungeon, and saw 24 of its levels.
You also visited: Ice Cave.

You collected 2363 gold pieces.
You spent 327 gold pieces at shops.

Inventory:

Hand Weapons
 a - the +12 bardiche of Calculation {freeze, +Rage}
   (Trog gifted it to you on level 1 of the Lair of Beasts)

   It has been specially enchanted to freeze those struck by it, causing extra
   injury to most foes and up to half again as much damage against particularly
   susceptible opponents.
   It can also slow down cold-blooded creatures.
   It lets you go berserk.
 z - a +3 longbow of flaming (weapon)
 W - a +5 antimagic bardiche
Missiles
 o - 625 arrows (quivered)
Armour
 k - a +1 pair of gloves (worn)
 w - a +2 cloak (worn)
 J - a +0 plate armour of magic resistance
 K - a +0 chain mail of positive energy
 L - the +5 chain mail of Resilience (worn) {-Cast rPois rF++ Stlth+}
   (You bought it in a shop on level 7 of the Dungeon)

   It greatly protects you from fire.
   It protects you from poison.
   It prevents spellcasting.
   It makes you more stealthy.
 O - a +1 pair of boots (worn)
 S - a +0 chain mail of cold resistance
Jewellery
 s - a ring of see invisible (left hand)
 x - a ring of protection from cold (right hand)
 P - an uncursed ring of poison resistance {unknown}
Wands
 h - a wand of polymorph (7/24)
 u - a wand of confusion (27/48)
 M - a wand of digging (18/24)
 R - a wand of paralysis (20/24)
 X - a wand of disintegration (14/24)
Scrolls
 d - 2 scrolls of enchant armour
 g - 5 scrolls of identify
 j - 3 scrolls of fog
 l - 3 scrolls of enchant weapon
 r - 8 scrolls of teleportation
 y - a scroll of magic mapping
 A - 7 scrolls of remove curse
 B - 2 scrolls of summoning
 C - a scroll of blinking
 F - a scroll of fear
 H - a scroll of recharging
Potions
 b - a potion of brilliance
 e - 6 potions of lignification
 f - a potion of flight
 i - a potion of magic
 m - 5 potions of heal wounds
 p - a potion of cancellation
 v - 5 potions of agility
 D - 4 potions of mutation
 E - 3 potions of invisibility
 I - 4 potions of might
 N - a potion of resistance
 Q - 2 potions of haste {unknown}
 T - a potion of ambrosia
 U - a potion of berserk rage
 V - 2 potions of curing
Books
 q - a book of the Earth

   Spells                             Type                      Level
   a - Leda's Liquefaction            Hexes/Earth                  4
   b - Bolt of Magma                  Conjuration/Fire/Earth       5
   c - Statue Form                    Transmutation/Earth          6
   d - Iron Shot                      Conjuration/Earth            6
   e - Shatter                        Earth                        9
   Trog disapproves of the use of such an item.
Comestibles
 c - 12 bread rations
 n - a royal jelly
 t - 21 fruits
 G - 8 meat rations


   Skills:
 + Level 16.6 Fighting
 + Level 17.1 Polearms
 + Level 16.5 Bows
 + Level 14.4 Armour
 + Level 6.7 Dodging
 + Level 2.7 Stealth


You had 15 spell levels left.
You didn't know any spells.

Dungeon Overview and Level Annotations

Branches:
Dungeon (15/15)            Temple (0/1) D:7            Lair (6/6) D:8
 Shoals (0/4) Lair:4       Spider (1/4) Lair:4        Slime (0/5) Lair:5
    Orc (2/2) D:11            Elf (0/3) Orc:2        Vaults (0/5) D:13
 Depths (0/5) D:15

Altars:
Cheibriados
Dithmenos
Elyvilon
Kikubaaqudgha
Makhleb
Nemelex Xobeh
Okawaru
Qazlal
Ru
Sif Muna
Uskayaw
Vehumet
Yredelemnul
The Shining One
Beogh
Jiyva

Shops:
D:5 (   D:7 [   D:8 !   D:13 !   Orc:1 (   Orc:2 *=%

Annotations:
Spider:1 Nikola


Innate Abilities, Weirdness & Mutations

You reflexively headbutt those who attack you in melee.
You have a pair of horns on your head.


Message History

You are too injured to fight recklessly!
You are too injured to fight recklessly!
Firing (i - inventory):
o - 627 arrows (quivered)
Press: ? - help, Shift-Dir - straight line, f/p - Nikola
Aim: Nikola, wielding a rapier of electrocution, wearing a cloak and wearing a pair of glowing gloves (moderately wounded)
You shoot an arrow. The arrow hits Nikola.
The arrow burns Nikola.
Nikola is heavily wounded.
Firing (i - inventory):
o - 626 arrows (quivered)
Press: ? - help, Shift-Dir - straight line, f/p - Nikola
Aim: Nikola, wielding a rapier of electrocution, wearing a cloak and wearing a pair of glowing gloves (heavily wounded)
You shoot an arrow. The arrow hits Nikola!
The arrow burns Nikola.
Nikola is heavily wounded.
Nikola casts a spell.
You hear a mighty clap of thunder!
The lightning arc hits you!
* * * LOW HITPOINT WARNING * * *
The lightning arc hits Nikola.
The lightning arc hits you!
* * * LOW HITPOINT WARNING * * *
The lightning arc hits Nikola.
The lightning arc hits you!
You die...

≈≈≈≈≈#≈≈≈ ###
#≈≈≈#≈≈≈#≈ #.. #≈≈≈#≈≈≈
####.
#≈≈≈≈≈≈########..#.
###≈≈≈≈≈≈..##.#.....
##≈≈.≈≈≈≈≈...........
#≈#.....≈≈≈.......#..
###........#≈≈...(..#..
#.....@.....≈##.....###
.((@..........≈..#...#
........##...[≈..#...#
..#....###....≈#.#....^
. ##.## ......≈≈≈≈....
## ......≈≈≈≈
##....#≈≈≈ ##)..≈≈≈≈


You could see Nikola.

Vanquished Creatures
  Rupert (D:13)
  A shadow dragon (D:15)
  Kirke (D:14)
  Roxanne (D:15)
  A frost giant (IceCv)
  An orc warlord (D:15)
  A stone giant (D:15)
  Nessos (Orc:2)
  A dire elephant (D:15)
  The ghost of motkurips the Markscentaur, a journeyman CeAM of Okawaru (Lair:4)
  An ettin (D:15)
  Josephine (Orc:2)
  Fannar (Lair:2)
  A fire dragon (Lair:6)
  Erolcha (Orc:1)
  4 hydras
  A rakshasa (D:15)
  8 centaur warriors
  6 two-headed ogres
  2 death knights
  2 death yaks
  Urug (D:13)
  5 skeletal warriors (D:15)
  A wizard (D:15)
  A lindwurm (Lair:6)
  A phantasmal warrior (D:15)
  A wolf spider zombie (D:15)
  An oklob plant (Lair:5)
  10 orc knights
  An orc sorcerer (Orc:1)
  5 ugly things
  3 manticores
  3 cyclopes
  A deep elf mage (D:15)
  A wolf spider (D:15)
  The ghost of muskahound the Sneak, a novice OpCj (D:7)
  11 slime creatures
  10 elephants
  Maurice (D:8)
  9 black mambas
  2 centaur zombies
  3 molten gargoyles (Lair:6)
  2 ice statues (IceCv)
  3 gargoyles
  10 spiny frogs
  11 komodo dragons
  3 kobold demonologists
  A freezing wraith (D:15)
  An efreet (D:13)
  A rime drake (Lair:2)
  A tengu conjurer (D:15)
  The ghost of Tungsten the Cutter, a novice VSAs of Ru (D:4)
  15 polar bears
  A merfolk (D:15)
  3 trolls
  A harpy skeleton (D:15)
  3 meliai (D:13)
  11 dream sheep
  13 blink frogs
  10 hippogriffs
  A meliai zombie (D:14)
  Sigmund (D:3)
  6 wraiths
  5 wyverns
  41 yaks
  3 shadows
  9 water elementals (D:15)
  2 vampires
  2 basilisks (Lair:6)
  3 hogs (D:14)
  16 humans (D:13)
  9 wargs
  A hungry ghost (D:11)
  2 steam dragons (Lair:6)
  7 vampire mosquitoes
  Edmund (D:4)
  4 hell hounds (Lair:6)
  11 water moccasins
  8 porcupines
  46 orc warriors
  Duvessa (D:7)
  An ice beast (D:12)
  A hornet zombie (D:14)
  A black bear (D:7)
  8 ogres
  3 phantoms
  3 sky beasts
  11 wolves
  12 centaurs
  14 crocodiles
  5 big kobolds
  Blork the orc (D:5)
  22 bullfrogs
  A gnoll sergeant (D:8)
  Dowan (D:7)
  3 scorpions
  4 electric eels
  4 howler monkeys
  5 lava snakes (Lair:6)
  5 crimson imps
  A bullfrog zombie (D:7)
  A quasit (D:11)
  20 orc priests
  4 hounds
  3 jellies
  6 centaur skeletons
  5 bullfrog skeletons
  A gnoll shaman (D:5)
  Jessica (D:3)
  4 iguanas
  24 orc wizards
  11 worker ants
  A hound zombie (D:7)
  A worker ant zombie (D:5)
  Robin (D:4)
  11 adders
  11 gnolls
  3 shadow imps
  12 white imps (D:12)
  3 worms
  A dart slug (D:2)
  3 leopard geckos
  108 orcs
  5 ball pythons
  5 giant cockroaches
  25 goblins
  9 hobgoblins
  20 jackals
  7 quokkas
  A ball python zombie (D:6)
  8 bats
  7 frilled lizards
  A jackal skeleton (D:4)
  21 kobolds
  A leopard gecko skeleton (D:8)
  4 rats
  A plant (Lair:2)
836 creatures vanquished.

Vanquished Creatures (collateral kills)
  An orc warlord (Orc:1)
  2 hydras
  4 death yaks (Lair:6)
  A basilisk (Lair:3)
  2 orc warriors (Orc:1)
  An ogre (Orc:1)
  2 orc priests (Orc:1)
13 creatures vanquished.

Vanquished Creatures (others)
  7 fungi
  5 plants
12 creatures vanquished.

Grand Total: 861 creatures vanquished

Notes
Turn   | Place    | Note
-------+----------+-------------------------------------------
     0 | D:1      | nikopol the Minotaur Berserker began the quest for the Orb.
     0 | D:1      | Reached XP level 1. HP: 19/19 MP: 0/0
   154 | D:1      | Reached XP level 2. HP: 27/27 MP: 1/1
   377 | D:1      | Reached skill level 4 in Polearms
   806 | D:2      | Reached XP level 3. HP: 34/34 MP: 2/2
   826 | D:2      | Reached ** piety under Trog
  1106 | D:2      | Found a burning altar of Makhleb.
  1265 | D:2      | Found a sacrificial altar of Ru.
  1265 | D:2      | Found a sparkling altar of Nemelex Xobeh.
  1265 | D:2      | Found a glowing golden altar of the Shining One.
  1265 | D:2      | Found a snail-covered altar of Cheibriados.
  1277 | D:2      | Found an ancient bone altar of Kikubaaqudgha.
  1283 | D:2      | Found a basalt altar of Yredelemnul.
  1390 | D:2      | Found a stormy altar of Qazlal.
  1641 | D:3      | Reached XP level 4. HP: 40/41 MP: 3/3
  1653 | D:3      | Noticed Sigmund
  1665 | D:3      | Killed Sigmund
  1665 | D:3      | Reached skill level 6 in Polearms
  1665 | D:3      | Reached XP level 5. HP: 47/47 MP: 4/4
  2290 | D:3      | Reached *** piety under Trog
  2502 | D:3      | Noticed Jessica
  2507 | D:3      | Killed Jessica
  2507 | D:3      | Reached XP level 6. HP: 53/53 MP: 5/5
  2509 | D:3      | Reached skill level 1 in Stealth
  2613 | D:4      | Noticed Tungsten's ghost (novice VSAs)
  2620 | D:4      | Killed Tungsten's ghost
  2620 | D:4      | Reached skill level 5 in Fighting
  2620 | D:4      | Reached skill level 7 in Polearms
  2621 | D:4      | Reached XP level 7. HP: 61/61 MP: 6/6
  2629 | D:4      | Reached skill level 5 in Armour
  2685 | D:4      | Noticed Edmund
  2698 | D:4      | Killed Edmund
  2935 | D:4      | Reached skill level 8 in Polearms
  3230 | D:4      | Noticed Robin
  3296 | D:4      | Killed Robin
  3492 | D:5      | Entered Level 5 of the Dungeon
  3548 | D:5      | Reached XP level 8. HP: 64/70 MP: 7/7
  3559 | D:5      | Reached skill level 9 in Polearms
  3647 | D:5      | Found Caorhits's Weapon Emporium.
  3688 | D:5      | Noticed Blork the orc
  3692 | D:5      | Killed Blork the orc
  4032 | D:5      | Reached **** piety under Trog
  4095 | D:5      | Reached skill level 1 in Bows
  4857 | D:6      | Found an iron altar of Okawaru.
  4871 | D:6      | Reached skill level 10 in Polearms
  5068 | D:6      | Reached XP level 9. HP: 70/78 MP: 8/8
  5128 | D:6      | Found a shadowy altar of Dithmenos.
  5541 | D:7      | Reached skill level 5 in Bows
  5557 | D:7      | Noticed Dowan
  5559 | D:7      | Noticed Duvessa
  5695 | D:7      | Killed Duvessa
  5709 | D:7      | Killed Dowan
  5794 | D:7      | Found Wekhliuni's Antique Armour Emporium.
  5800 | D:7      | Noticed muskahound's ghost (novice OpCj)
  5810 | D:7      | Killed muskahound's ghost
  5860 | D:7      | Bought a heavily runed chain mail for 199 gold pieces
  5870 | D:7      | Identified the +5 chain mail of Resilience {-Cast rPois rF++ Stlth+} (You bought it in a shop on level 7 of the Dungeon)
  6124 | D:7      | Found a staircase to the Ecumenical Temple.
  6442 | D:8      | Found a hide-covered altar of Uskayaw.
  6442 | D:8      | Noticed an enchanted hand axe
  6442 | D:8      | Noticed a dagger
  6583 | D:8      | Found a radiant altar of Vehumet.
  6653 | D:8      | Noticed Maurice
  6665 | D:8      | Killed Maurice
  6665 | D:8      | Reached XP level 10. HP: 70/88 MP: 9/9
  6946 | D:8      | Received a gift from Trog
  6962 | D:8      | Found Cukhlydaed's Distillery.
  7120 | D:8      | Found a staircase to the Lair.
  7425 | D:8      | Noticed a two-headed ogre
  7430 | D:8      | Killed a two-headed ogre
  7430 | D:8      | Reached skill level 11 in Polearms
  7482 | D:9      | Noticed a two-headed ogre
  7489 | D:9      | Killed a two-headed ogre
  7489 | D:9      | Reached ***** piety under Trog
  7567 | D:9      | Found a deep blue altar of Sif Muna.
  7667 | D:9      | Received a gift from Trog
  8343 | D:10     | Entered Level 10 of the Dungeon
  8565 | D:10     | Noticed a two-headed ogre
  8577 | D:10     | Killed a two-headed ogre
  8619 | D:10     | Reached XP level 11. HP: 96/99 MP: 10/10
  8773 | D:10     | Reached skill level 12 in Polearms
  9014 | Lair:1   | Entered Level 1 of the Lair of Beasts
  9093 | Lair:1   | Reached skill level 10 in Fighting
  9178 | Lair:1   | Received a gift from Trog
  9178 | Lair:1   | Reached skill level 10 in Bows
  9181 | Lair:1   | Got a brightly glowing bardiche {god gift}
  9462 | Lair:1   | Identified the +12 bardiche of Calculation {freeze, +Rage} (Trog gifted it to you on level 1 of the Lair of Beasts)
 10225 | Lair:2   | Noticed a six-headed hydra
 10252 | Lair:1   | Killed a six-headed hydra
 10494 | Lair:2   | Noticed Fannar
 10510 | Lair:2   | Killed Fannar
 11320 | Lair:3   | Reached skill level 10 in Armour
 11641 | Lair:3   | Noticed a six-headed hydra
 11653 | Lair:3   | Killed a six-headed hydra
 11653 | Lair:3   | Reached XP level 12. HP: 29/110 MP: 11/11
 12539 | Lair:4   | Reached skill level 13 in Polearms
 12958 | Lair:4   | Noticed motkurips's ghost (journeyman CeAM)
 12974 | Lair:4   | Killed motkurips's ghost
 13036 | Lair:4   | Found a hole to the Spider Nest.
 13063 | Lair:4   | Reached skill level 5 in Dodging
 13408 | Lair:4   | Found a staircase to the Shoals.
 14100 | Lair:5   | Found a viscous altar of Jiyva.
 14100 | Lair:5   | Found a staircase to the Slime Pits.
 14186 | Lair:5   | Received a gift from Trog
 14485 | Lair:4   | Reached XP level 13. HP: 68/119 MP: 12/12
 15477 | Lair:5   | Reached skill level 14 in Polearms
 15746 | Lair:6   | Entered Level 6 of the Lair of Beasts
 16615 | Lair:6   | Received a gift from Trog
 16626 | Lair:6   | Found a large runed door.
 16641 | Lair:6   | Found a large runed door.
 17010 | Lair:6   | Noticed a fire dragon
 17755 | Lair:6   | Killed a fire dragon
 17973 | D:9      | Identified Sif Muna's Handbook of Curses
 18197 | D:11     | Received a gift from Trog
 18631 | D:11     | Found a roughly hewn altar of Beogh.
 18631 | D:11     | Found a staircase to the Orcish Mines.
 19078 | Orc:1    | Entered Level 1 of the Orcish Mines
 19271 | D:12     | Found a frozen archway.
 19371 | D:12     | Reached XP level 14. HP: 29/132 MP: 13/13
 19403 | D:12     | Received a gift from Trog
 19755 | IceCv    | Entered an ice cave
 19828 | IceCv    | Received a gift from Trog
 20537 | IceCv    | Noticed a frost giant
 20568 | IceCv    | Killed a frost giant
 20568 | IceCv    | Received a gift from Trog
 21511 | D:12     | Found a sacrificial altar of Ru.
 21622 | D:12     | Received a gift from Trog
 22176 | D:13     | Found Teumn's Distillery.
 22195 | D:13     | Noticed Urug
 22199 | D:13     | Noticed Rupert
 22215 | D:13     | Killed Rupert
 22215 | D:13     | Reached skill level 15 in Fighting
 22506 | D:13     | Found a gate to the Vaults.
 22569 | D:11     | Reached skill level 15 in Polearms
 22674 | Orc:1    | Noticed Erolcha
 22682 | Orc:1    | Killed Erolcha
 22881 | Orc:1    | Found Caxuss's Weapon Shoppe.
 22988 | Orc:2    | Entered Level 2 of the Orcish Mines
 23008 | Orc:2    | Noticed Josephine
 23028 | Orc:2    | Killed Josephine
 23295 | Orc:2    | Found a staircase to the Elven Halls.
 23304 | Orc:2    | Received a gift from Trog
 23348 | Orc:2    | Noticed Nessos
 23711 | Orc:2    | Found a roughly hewn altar of Beogh.
 24218 | Orc:2    | Killed Nessos
 24396 | Orc:2    | Received a gift from Trog
 24518 | Orc:2    | Reached skill level 15 in Bows
 24642 | Orc:2    | Found Afys's Weapon Shop.
 24642 | Orc:2    | Found Ontedgh's Assorted Antiques.
 24688 | Orc:2    | Found a roughly hewn altar of Beogh.
 24999 | Orc:2    | Found Fira's Jewellery Shop.
 24999 | Orc:2    | Found Qisatun's Food Shoppe.
 25225 | Orc:2    | Reached XP level 15. HP: 141/141 MP: 14/14
 25256 | Orc:1    | Noticed an orc warlord
 25287 | Orc:1    | Killed an orc warlord
 26020 | D:13     | Received a gift from Trog
 26104 | D:13     | Bought a potion of invisibility for 128 gold pieces
 26546 | D:13     | Killed Urug
 27681 | D:14     | Noticed Kirke
 27722 | D:14     | Killed Kirke
 27774 | D:14     | Reached skill level 16 in Polearms
 28048 | D:14     | Received a gift from Trog
 28338 | D:14     | Received a gift from Trog
 28433 | D:14     | Found a glowing golden altar of the Shining One.
 28644 | D:15     | Entered Level 15 of the Dungeon
 28653 | D:15     | Reached ****** piety under Trog
 28664 | D:15     | Noticed Roxanne
 28700 | D:15     | Killed Roxanne
 28714 | D:15     | Noticed an orc warlord
 29457 | D:15     | Found a white marble altar of Elyvilon.
 29675 | D:15     | Noticed a shadow dragon
 29703 | D:15     | Killed a shadow dragon
 29707 | D:15     | Killed an orc warlord
 29930 | D:15     | Reached XP level 16. HP: 149/152 MP: 15/15
 30016 | D:15     | Received a gift from Trog
 30367 | D:15     | Reached skill level 17 in Polearms
 30384 | D:15     | Found a staircase to the Depths.
 31041 | Spider:1 | Entered Level 1 of the Spider Nest
 31072 | Spider:1 | Noticed Nikola
 31076 | Spider:1 | Killed from afar by Nikola

Vault maps used:
D:1:      lemuel_arrival_behind_the_door_small, minmay_shallow_snake_nest
D:2:      minmay_overflow_temple_hex, lightli_temple_of_fire, marbit_many_paths,
          first_bread
D:3:      uniq_jessica, uniq_sigmund
D:4:      kennysheep_goblin_castle, uniq_edmund
D:5:      serial_shops, kennysheep_mini_moat, uniq_blork_the_orc
D:6:      okawaru_trees_2, kennysheep_little_box, nicolae_underground_beach
D:7:      minmay_temple_entry_statues, serial_shops, shop, uniq_duvessa
D:8:      dancing_weapons_uskayaw, lemuel_crystal_altar, lair_entry_dummy,
          serial_shops, nicolae_shop_statue_plus, grunt_ogre_cave, uniq_maurice
D:9:      led_sif_book, minmay_fountain_box
D:11:     david_orc_5
D:12:     basic_altar, portal_ice_cave_entry_imps, hangedman_decor_lopped
D:13:     david_vaults_3, serial_shops, shop
D:14:     minmay_misc_feat_columns, nicolae_tso_swordbearing_angel, uniq_kirke
D:15:     hangedman_depths_entry_try_elsewhere_first, elyvilon_altar_5,
          minmay_diamond_spiral, uniq_roxanne
Lair:1:   serial_bayou_pond_d, lemuel_fruit_tree, grunt_megastairs_1
Lair:2:   uniq_fannar
Lair:4:   wad_woods_04, elwin_shoals_entry_rocks, dummy_spider_entry
Lair:5:   slime_altar_1, serial_bayou_shore_b, grunt_megastairs_2
Lair:6:   cheibrodos_lair_end_hotspot
Spider:1: einodemon_crawler_minivault, uniq_nikola
Orc:1:    serial_shops, shop, uniq_erolcha
Orc:2:    st_orc_town, basic_altar, uniq_nessos, uniq_josephine
IceCv:    ice_cave_small_giant

Skill      XL: |  1  2  3  4  5  6  7  8  9 10 11 12 13 14 15 16 |
---------------+-------------------------------------------------+-----
Fighting       | 4 5 6 8 9 11 12 14 15 16 | 16.6
Polearms       | 4 6 7 8 10 11 12 13 14 15 16 17 | 17.1
Armour         | 4 5 6 7 8 10 11 12 13 14 | 14.4
Stealth        | 1 2 |  2.7
Dodging        | 3 4 5 6 |  6.7
Bows           | 4 7 9 11 12 13 15 16 | 16.5

Action                   |  1- 3 |  4- 6 |  7- 9 | 10-12 | 13-15 | 16-18 || total
-------------------------+-------+-------+-------+-------+-------+-------++-------
Melee: Spear             |   148 |    51 |       |       |       |       ||   199
       Headbutt          |    19 |     4 |    69 |   120 |   202 |     8 ||   422
       Trident           |       |    13 |   312 |   456 |   502 |       ||  1283
       Glaive            |       |       |       |       |   293 |       ||   293
       Bardiche          |       |       |       |       |   113 |    32 ||   145
 Fire: Shortbow          |       |       |   130 |   282 |   317 |       ||   729
       Longbow           |       |       |       |       |   618 |    42 ||   660
Invok: Berserk           |       |     2 |     5 |     6 |     4 |       ||    17
       Burn Spellbooks   |       |       |       |     5 |     4 |       ||     9
       Brothers in Arms  |       |       |       |     2 |     3 |       ||     5
  Use: Scroll            |       |       |     9 |     3 |    22 |       ||    34
       Potion            |       |       |       |     2 |     5 |     3 ||    10
  Eat: Chunk             |     2 |     4 |    18 |    25 |    50 |     1 ||   100
       Royal jelly       |       |       |       |     2 |     2 |     1 ||     5
       Fruit             |       |       |       |     1 |       |     1 ||     2
Armor: Ring mail         |    38 |     9 |    32 |       |       |       ||    79
       Scale mail        |       |       |    39 |       |       |       ||    39
       Chain mail        |       |       |    43 |   262 |   593 |    32 ||   930
Dodge: Dodged            |    57 |    23 |   111 |   175 |   504 |    27 ||   897

Table legend:
 A = Spawn XP
 B = Non-spawn XP
 C = Spawn XP percentage of total XP
 D = Spawn monster count
 E = Non-spawn monster count
 F = Spawn count percentage of total count
 G = Total turns spent on level
                    A         B        C        D         E        F      G
               +---------+---------+-------+---------+---------+-------+---------
         Total |       0 |  161732 |   0.0 |       0 |     848 |   0.0 | 31076
               +---------+---------+-------+---------+---------+-------+---------
           D:1 |       0 |      38 |   0.0 |       0 |      23 |   0.0 |   785
           D:2 |       0 |      55 |   0.0 |       0 |      27 |   0.0 |   839
           D:3 |       0 |     318 |   0.0 |       0 |      23 |   0.0 |   989
           D:4 |       0 |     806 |   0.0 |       0 |      36 |   0.0 |   893
           D:5 |       0 |     875 |   0.0 |       0 |      29 |   0.0 |  1141
           D:6 |       0 |     869 |   0.0 |       0 |      20 |   0.0 |   970
           D:7 |       0 |    1804 |   0.0 |       0 |      28 |   0.0 |   876
           D:8 |       0 |    2496 |   0.0 |       0 |      35 |   0.0 |  1070
           D:9 |       0 |    2523 |   0.0 |       0 |      22 |   0.0 |   914
          D:10 |       0 |    2081 |   0.0 |       0 |      19 |   0.0 |   924
          D:11 |       0 |    4096 |   0.0 |       0 |      46 |   0.0 |  1087
          D:12 |       0 |    5134 |   0.0 |       0 |      34 |   0.0 |  2078
          D:13 |       0 |   20959 |   0.0 |       0 |      58 |   0.0 |  1512
          D:14 |       0 |   12146 |   0.0 |       0 |      45 |   0.0 |  1040
          D:15 |       0 |   30728 |   0.0 |       0 |      56 |   0.0 |  2208
        Lair:1 |       0 |    4560 |   0.0 |       0 |      26 |   0.0 |  1188
        Lair:2 |       0 |    3417 |   0.0 |       0 |      11 |   0.0 |  1064
        Lair:3 |       0 |    4086 |   0.0 |       0 |      12 |   0.0 |  1347
        Lair:4 |       0 |    9460 |   0.0 |       0 |      30 |   0.0 |  1849
        Lair:5 |       0 |   10570 |   0.0 |       0 |      35 |   0.0 |  1528
        Lair:6 |       0 |   15897 |   0.0 |       0 |      49 |   0.0 |  1996
      Spider:1 |       0 |      57 |   0.0 |       0 |       1 |   0.0 |    35
         Orc:1 |       0 |    4443 |   0.0 |       0 |      38 |   0.0 |  1177
         Orc:2 |       0 |   14241 |   0.0 |       0 |     109 |   0.0 |  2075
         IceCv |       0 |   10073 |   0.0 |       0 |      36 |   0.0 |  1491
               +---------+---------+-------+---------+---------+-------+---------
